 Dungeon Crawl Stone Soup version 0.31-a0-1603-gbec6b6ccbf (webtiles) character file.

Game seed: 13402289419404962909

809 avis the Ducker (level 7, -3/39 HPs)
             Began as a Felid Warper on Jan 8, 2024.
             Was an Initiate of Gozag.
             Splashed by a jelly's acid (7 damage)
             ... on level 5 of the Dungeon.
             The game lasted 00:34:24 (6133 turns).

avis the Ducker (Felid Warper)                      Turns: 6133, Time: 00:34:25

Health: -3/39      AC: -2    Str:  7    XL:     7   Next: 61%
Magic:  7/11       EV: 21    Int: 18    God:    Gozag
Gold:   225        SH:  0    Dex: 16    Spells: 4/10 levels left
                                        Lives:  0   Deaths: 3

rFire   . .          .
                       - Unarmed
rCold   . . .        (shield unavailable)
rNeg    + . .        (body armour unavailable)
rPois   .            (helmet unavailable)
rElec   .            (cloak unavailable)
rCorr   .            (gloves unavailable)
SInv    +            (boots unavailable)
Will    +....        (no amulet)
Stlth   +            j - ring of positive energy
HPRegen 0.26/turn    (no ring)
MPRegen 0.12/turn

%: no passive effects
@: corroded, gold aura
A: very small, claws 1, fangs 3, see invisible, shaggy fur 2, stealthy paws, no
weapons or thrown items, no armour, multi-lived
a: Renounce Religion, Potion Petition, Call Merchant, Bribe Branch


You were on level 5 of the Dungeon.
You worshipped Gozag.
Gozag was aware of your devotion.
You visited 2 branches of the dungeon, and saw 6 of its levels.

You collected 613 gold pieces.
You spent 352 gold pieces at shops.
You paid 36 gold pieces to Gozag.

Inventory:

Jewellery
 j - a ring of positive energy (left paw)
 t - a ring of positive energy
Wands
 i - a wand of flame (6)
 s - a wand of polymorph (9)
Scrolls
 a - 2 scrolls of blinking
 d - a scroll of summoning {unknown}
 f - 4 scrolls of poison {unknown}
 g - a scroll of vulnerability {unknown}
 k - 2 scrolls of immolation {unknown}
 l - 2 scrolls of teleportation {unknown}
 m - a scroll of enchant armour {unknown}
 o - 2 scrolls of fog
 v - a scroll of noise {unknown}
Potions
 h - 3 potions of cancellation
 p - a potion of brilliance
 q - a potion of degeneration
 r - a potion of attraction
 u - a potion of enlightenment {unknown}


   Skills:
 - Level 5.0 Fighting
 * Level 7.6 Dodging
 - Level 2.0 Unarmed Combat
 - Level 2.0 Spellcasting
 - Level 5.0 Translocations
 - Level 4.0 Air Magic


You had 4 spell levels left.
You knew the following spells:

 Your Spells              Type           Power      Damage    Failure   Level
b - Blink                 Tloc           38%        N/A       3%          2
h - Vhi's Electric Charg  Tloc/Air       36%        N/A       28%         4

Your spell library contained the following spells:

 Spells                   Type           Power      Damage    Failure   Level
 Apportation              Tloc           38%        N/A       2%          1
 Lesser Beckoning         Tloc           38%        N/A       3%          2
 Teleport Other           Tloc           19%        N/A       7%          3
 Freeze                   Ice            4%         1d3       19%         1
 Manifold Assault         Tloc           19%        N/A       22%         4
 Jinxbite                 Hex            2%         N/A       26%         2
 Alistair's Intoxication  Alch           0%         N/A       99%         5


Dungeon Overview and Level Annotations

Branches:
Dungeon (5/15)             Temple (1/1) D:4

Altars:
Elyvilon
Gozag
Hepliaklqana
Kikubaaqudgha
Nemelex Xobeh
Qazlal
Trog
Uskayaw
Wu Jian
Xom
Yredelemnul
The Shining One

Shops:
D:2 ![*

Annotations:
D:1 Terence
D:3 1 runed translucent door, exclusion: door


Innate Abilities, Weirdness & Mutations

You have sharp claws.
You have razor-sharp teeth.
You have supernaturally acute eyesight. (SInv)
You are covered in thick fur. (AC +2)
Your paws help you pounce on unaware monsters.
You are incapable of wielding weapons or throwing items.
You cannot wear armour.
You gain extra lives every three experience levels.


Message History

The phantom closely misses you. Ijyb closely misses you.
The orc wizard hits you with a +0 dagger.
You scratch Ijyb.
Ijyb is severely wounded.
The phantom completely misses you. Ijyb hits you with a +0 club.
The orc wizard completely misses you.
You scratch Ijyb.
Ijyb is almost dead.
The phantom barely misses you.
Ijyb zaps a wand.
You resist with almost no effort. The orc wizard completely misses you.
You closely miss Ijyb. You bite Ijyb.
You kill Ijyb!
The phantom hits you. The orc wizard misses you.
The orc is distracted by your dazzling golden aura.
Okay, then.
Casting: Blink (safe; 3% risk of failure)
Confirm with . or Enter, or press ? or * to list all spells.
Charge where?
Press: ? - help, Dir - move target, f - hound
Aim: a hound (73% to hit)
You charge forward with an electric crackle!
You closely miss the hound.
The orc shouts!
The hound misses you. The ice beast hits you. The ice beast freezes you!
* * * LOW HITPOINT WARNING * * *
The jelly hits you but does no damage.
Casting: Vhi's Electric Charge (extremely dangerous; 28% risk of failure)
Confirm with . or Enter, or press ? or * to list all spells.
There's one issue or another keeping you from charging at any nearby foe.
You barely miss the orc wizard. The hound closely misses you.
The hound misses you. The orc wizard closely misses you.
The ice beast closely misses you.
You scratch the jelly. The acid corrodes you!
Your paws burn!
* * * LOW HITPOINT WARNING * * *
The jelly is lightly wounded.
The jelly hits you.
* * * LOW HITPOINT WARNING * * *
You are splashed with acid!
You die...
Your body crumbles into a pile of gold.

♣..§♣♣ .... .....>...
o....♣♣ ....##........
......♣♣
#######........ ###+#
.≈~≈...♣
#....#......... #....
≈≈~≈≈..♣♣
#....#.....).w. #....
~~_~~o..♣ #....##....#
#.... ≈≈~≈≈o.♣♣
#....##....# #...$
.≈~≈...♣ #.)..#h....#
#...o ......♣♣
#....#@J...# #....
.....♣♣ #...[oYo...#
#.... ♣...♣♣
#....#.....# #....
.....♣♣ #....##....#
#.... ......♣♣
##....##.W..# #....
.≈~≈...♣##.....##...)#
#....
≈≈~≈≈oo##.....<##....##
#....
~~♣~~oW##.............#
#....
≈≈~≈≈..##.............#
#..$.


You could see an ice beast, a phantom, a hound, a jelly, an orc wizard
(invisible) and an orc.

Vanquished Creatures
  2 ogres (D:4)
  2 scorpions
  3 hounds
  Ijyb (D:5)
  An iguana (D:4)
  6 orc wizards
  Robin (D:4)
  4 gnolls
  7 adders
  A dart slug (D:3)
  A ribbon worm (D:4)
  15 orcs
  7 endoplasms
  6 giant cockroaches
  9 goblins
  11 hobgoblins
  4 jackals (D:1)
  11 kobolds
  3 quokkas
  7 ball pythons
  4 bats
  4 frilled lizards
  4 rats
114 creatures vanquished.

Notes
Turn   | Place    | Note
-------+----------+-------------------------------------------
     0 | D:1      | avis the Felid Warper began the quest for the Orb.
     0 | D:1      | Reached XP level 1. HP: 11/11 MP: 4/4
   108 | D:1      | Found a faded altar of an unknown god.
   112 | D:1      | Reached skill level 4 in Dodging
   115 | D:1      | Got Plato's Tome of Cold
   125 | D:1      | Reached XP level 2. HP: 15/15 MP: 6/6
   463 | D:1      | Learned a level 2 spell: Blink
   703 | D:1      | Reached skill level 5 in Dodging
   852 | D:1      | Reached XP level 3. HP: 14/18 MP: 7/7
  1110 | D:2      | Noticed Terence
  1199 | D:2      | Found Siafuic's Antique Armour Emporium.
  1650 | D:2      | Found Nintank's Distillery.
  1982 | D:2      | Found Vaginofo's General Store.
  2141 | D:3      | Reached skill level 6 in Dodging
  2211 | D:3      | Reached XP level 4. HP: 17/23 MP: 8/8
  2211 | D:3      | Gained a life (2 lives remaining)
  2307 | D:3      | Learned a level 4 spell: Vhi's Electric Charge
  2380 | D:3      | Found an opulent altar of Gozag.
  2440 | D:3      | Became a worshipper of Gozag Ym Sagoz the Greedy
  2477 | D:3      | Found a runed translucent door.
  2613 | D:2      | Bought a potion of heal wounds for 55 gold pieces
  2613 | D:2      | Bought a potion of curing for 33 gold pieces
  2970 | D:3      | Found a sparkling altar of Nemelex Xobeh.
  3363 | D:4      | Noticed a scorpion
  3438 | D:3      | Slain by a scorpion
  3438 | D:3      | Lost a life (1 life remaining)
  3459 | D:3      | HP: 1/24 [scorpion (3)]
  3466 | D:3      | Killed a scorpion
  3467 | D:3      | Reached skill level 5 in Translocations
  3467 | D:3      | Reached skill level 1 in Air Magic
  3467 | D:3      | Reached XP level 5. HP: 16/28 MP: 9/9
  3580 | D:4      | Found a staircase to the Ecumenical Temple.
  3590 | Temple   | Entered the Ecumenical Temple
  3643 | D:4      | Found a glowing golden altar of the Shining One.
  4174 | D:4      | Gained mutation: You are covered in thick fur. (AC +2)
                  | [Felid growth]
  4174 | D:4      | Reached XP level 6. HP: 9/32 MP: 10/10
  4311 | D:4      | Noticed Robin
  4381 | D:4      | Killed Robin
  4735 | D:2      | Bought 3 potions of might for 132 gold pieces
  4735 | D:2      | Bought a scroll of fog for 44 gold pieces
  4735 | D:2      | Bought a potion of brilliance for 44 gold pieces
  4794 | D:2      | Bought a potion of degeneration for 11 gold pieces
  4794 | D:2      | Bought a potion of attraction for 33 gold pieces
  5239 | D:4      | Reached XP level 7. HP: 35/38 MP: 11/11
  5239 | D:4      | Gained a life (2 lives remaining)
  5276 | D:4      | Reached skill level 5 in Fighting
  5685 | D:5      | Entered Level 5 of the Dungeon
  5915 | D:5      | HP: 1/39 [orc wizard/magic dart (11)]
  5960 | D:5      | Slain by a hound
  5960 | D:5      | Lost a life (1 life remaining)
  5977 | D:5      | Reached skill level 7 in Dodging
  6046 | D:5      | Found a white marble altar of Elyvilon.
  6062 | D:5      | HP: 1/39 [ice beast (5)]
  6093 | D:5      | Slain by an ice beast
  6093 | D:5      | Lost a life (0 lives remaining)
  6111 | D:5      | Noticed Ijyb
  6130 | D:5      | Killed Ijyb
  6133 | D:5      | Splashed by a jelly's acid

Illustrated notes

Levels and vault maps discovered:
D:1:      minmay_arrival_diagonal_passages, layout_loops_corners,
          shapermc_ecumenical_altar_rom_forum
D:2:      minmay_door_path, layout_basic, serial_shops, nicolae_shop_peninsula,
          nicolae_diamond_shop, shop, nrook_mini_backslash, uniq_terence
D:3:      cheibrodos_old_hovel, layout_basic, nemelex_diamond_rough_becter,
          mainiacjoe_overflow_catwalk, hangedman_abyss_or_decor_stabs,
          minmay_box_of_dots, uniq_crazy_yiuf_cottage
D:4:      layout_cave_pods, tso_oasis_becter, minmay_temple_entry_mini_moons,
          minmay_bisected, uniq_robin
D:5:      layout_gridville, elyvilon_altar_3, cheibrodos_sewer_entry_bend,
          serial_library_hellmonk_secret_room, uniq_ijyb
Temple:   hellmonk_temple_beads

Skill      XL: |  1  2  3  4  5  6  7 |
---------------+----------------------+-----
Dodging        | 4 5 6 7 |  7.6
Fighting       | 3 4 5 |  5.0
Translocations | 5 |  5.0
Air Magic      | 1 3 4 |  4.0
Unarmed Combat | |  2.0
Spellcasting   | |  2.0

Action                     |  1- 3 |  4- 6 |  7- 9 || total
---------------------------+-------+-------+-------++-------
  Melee: Unarmed           |   141 |   343 |   138 ||   622
         Bite              |    16 |    38 |    18 ||    72
         Punch             |     4 |     5 |     3 ||    12
   Cast: Blink             |     1 |     4 |     8 ||    13
         Vhi's Electric Ch |       |       |     2 ||     2
    Use: Potion            |       |     6 |     7 ||    13
   Stab: Sleeping          |     3 |     3 |       ||     6
 Armour: Skin              |    33 |    95 |    85 ||   213
  Dodge: Dodged            |   102 |   274 |   217 ||   593

Table legend: (Time is in decaauts)
 A = Elapsed time spent in this place.
 B = Non-inter-level travel time spent in this place.
 C = Inter-level travel time spent in this place.
 D = Time resting spent in this place.
 E = Time spent auto-exploring this place.
 F = Levels seen in this place.
 G = Mean time per level.
                   A        B        C        D        E       F      G
               +--------+--------+--------+--------+--------+-----+--------+
         Total |   6125 |   5326 |    799 |   1222 |   2210 |   6 | 1020.8 |
       Dungeon |   6071 |   5272 |    799 |   1178 |   2210 |   5 | 1214.2 |
        Temple |     53 |     53 |      0 |     44 |      0 |   1 |   53.0 |
               +--------+--------+--------+--------+--------+-----+--------+

Top non-repeatable levels by time:
     D:4: 2052 daAuts
     D:3: 1499 daAuts
     D:1: 1241 daAuts
     D:2: 1062 daAuts
     D:5: 216 daAuts
  Temple: 53 daAuts
